Map: Terrasses de Prion

Players

ozoncraft

  • Race: Zerg Zerg
  • League: Gold

TheObcd - Winner!

  • Race: Protoss Protoss
  • League: Gold

VOD

Have the link to the VOD?

Description

merci de regarder !!!

Time

  • Played on: May 5, 2016, 2:10 p.m.
  • Length: 6:29
Show
View Real Time Build Order
Export as new Build Order

ozoncraft Zerg 

Build Orders: Hatch First 

Get SALT Encoding   

  12  0:01  Drone  
  13  0:13  Overlord  
  13  0:20  Drone  
  14  0:32  Drone x2  
  16  0:37  Drone  
  17  0:57  Hatchery  
  16  1:05  Drone x2  
  18  1:26  Spawning Pool  
  18  1:27  Drone x2  
  19  1:40  Extractor  
  19  1:41  Overlord  
  19  1:43  Drone  
  19  1:51  Drone  
  20  2:14  Queen  
  22  2:15  Zergling x2  
  22  2:16  Zergling x2  
  22  2:17  Queen  
  26  2:29  Drone x3  
  28  2:50  Zergling x8  
  32  3:05  Zergling x4  
  28  3:15  Spine Crawler  
  25  3:29  Metabolic Boost  
  25  3:34  Roach Warren  
  24  3:36  Extractor  
  25  3:53  Lair  
  23  4:27  Roach x2  
  23  4:28  Roach  
  23  4:29  Overlord x3  
  28  4:43  Roach  
  23  4:56  Roach x2  
  23  4:57  Roach x2  
  27  5:14  Roach  
  25  5:36  Roach x2  
  19  5:51  Roach  
  19  5:52  Roach  
Show
View Real Time Build Order
Export as new Build Order

TheObcd Protoss - Winner!

Build Orders:  

Get SALT Encoding   

  12  0:09  Pylon  
  12  0:14  Probe (Chrono Boost)  
  13  0:27  Gateway  
  13  0:32  Probe (Chrono Boost)  
  15  0:42  Probe (Chrono Boost)  
  15  0:44  Assimilator  
  15  0:53  Probe (Chrono Boost)  
  16  1:04  Probe (Chrono Boost)  
  17  1:05  Gateway  
  17  1:15  Cybernetics Core  
  18  1:24  Zealot (Chrono Boost)  
  19  1:31  Pylon  
  19  1:48  Zealot (Chrono Boost)  
  19  1:53  Mothership Core (Chrono Boost)  
  23  1:56  Zealot  
  25  2:14  Adept  
  27  2:23  Adept  
  29  2:31  Pylon  
  29  2:33  Pylon  
  29  2:34  Pylon  
  29  2:41  Pylon  
  26  3:05  Adept x2  
  30  3:32  Adept x2  
  34  4:21  Mothership Core (Chrono Boost)  
  34  4:23  Robotics Facility  
  34  4:25  Stalker  
  30  5:02  Pylon  
  29  5:10  Immortal (Chrono Boost)  
  29  5:15  Stalker  
  29  5:17  Zealot  
  29  5:44  Probe  
  29  5:47  Stalker  
  32  5:51  Stalker  
  34  6:12  Probe  
  35  6:21  Nexus  
Tags
 
Add a new tag
Caveats
  • Supply blocks, unpowered buildings, or Contaminate may cause inaccurate times.
  • Supply counts are checked every 10 seconds.